 Dungeon Crawl Stone Soup version 0.31-a0-978-g1e143483b6 (webtiles) character file.

Game seed: 7253408542971520141

99 sammy202020 the Ruffian (level 4, -5/23 HPs)
             Began as a Vine Stalker Shapeshifter on Oct 30, 2023.
             Slain by a gnoll
             ... wielding a +0 halberd
              (8 damage)
             ... on level 3 of the Dungeon.
             The game lasted 00:02:39 (1388 turns).

sammy202020 the Ruffian (Vine Stalker Shapeshifter) Turns: 1388, Time: 00:02:39

Health: -5/23      AC:  4    Str: 16    XL:     4   Next: 72%
Magic:  0/15       EV: 12    Int: 12    God:
Gold:   150        SH:  0    Dex: 14    Spells: 5/5 levels left

rFire   . .          .
                       - Unarmed
rCold   . . .        (no shield)
rNeg    . . .        h - +1 leather armour
rPois   .            (helmet currently unavailable)
rElec   .            (cloak currently unavailable)
rCorr   .            (gloves currently unavailable)
SInv    .            (boots currently unavailable)
Will    .....        (no amulet)
Stlth   +            f - ring of magical power
HPRegen 1.03/turn    (no ring)
MPRegen 0.14/turn

%: guardian spirit
@: beast-form, hasted, very quick
A: beast (slay +1), fangs 2, regeneration 1, magic shield, antimagic bite, no
potion heal 2
a: Begin Untransformation


You were on level 3 of the Dungeon.
You were a hulking beast.
You visited 1 branch of the dungeon, and saw 3 of its levels.

You collected 150 gold pieces.

Inventory:

Armour
 a - a +0 animal skin
 h - a +1 leather armour (worn)
 i - a +0 helmet
Jewellery
 f - a ring of magical power (left hand)
 g - a ring of wizardry
Talismans
 c - a beast talisman (active)
 d - a flux talisman
Potions
 b - a potion of lignification
 l - a potion of haste
 m - a potion of degeneration {unknown}


   Skills:
 * Level 1.9 Fighting
 * Level 1.1 Armour
 * Level 2.1 Dodging
 * Level 3.4 Unarmed Combat
 + Level 1.3 Spellcasting
 + Level 3.2 Shapeshifting


You had 5 spell levels left.
You didn't know any spells.
Your spell library was empty.

Dungeon Overview and Level Annotations

Branches:
Dungeon (3/15)

Altars:

Shops:
D:2 ?


Innate Abilities, Weirdness & Mutations

You are a hulking beast.
Your limbs bulge with bestial killing power. (Slay +1)
You have extremely sharp teeth.
Your natural rate of healing is unusually fast.
When hurt, damage is shared between your health and your magic reserves.
Your bite disrupts and absorbs the magic of your enemies.
Potions cannot restore your health.


Message History

The gnoll hits you from afar with a +0 halberd!
The gnoll shouts!
You hit the gnoll. You bite the gnoll. You drain its power.
You feel invigorated.
The gnoll is heavily wounded.
The gnoll hits you from afar with a +0 halberd!
The gnoll misses you.
You closely miss the gnoll. You bite the gnoll. You drain its power.
You feel invigorated.
The gnoll is almost dead.
The gnoll hits you from afar with a +0 halberd!
The gnoll hits you with a +0 whip!
* * * LOW HITPOINT WARNING * * *
You are too injured to fight recklessly!
You are too injured to fight recklessly!
You are too injured to fight recklessly!
You are too injured to fight recklessly!
You are too injured to fight recklessly!
You are too injured to fight recklessly!
You are too injured to fight recklessly!
You are too injured to fight recklessly!
You are too injured to fight recklessly!
You are too injured to fight recklessly!
You are too injured to fight recklessly!
You are too injured to fight recklessly!
You are too injured to fight recklessly!
You are too injured to fight recklessly!
You are too injured to fight recklessly!
You are too injured to fight recklessly!
You are too injured to fight recklessly!
You are too injured to fight recklessly!
You are too injured to fight recklessly!
You are too injured to fight recklessly!
Unknown command.
The gnoll attacks as it pursues you! The gnoll barely misses you.
The gnoll attacks as it pursues you! The gnoll closely misses you.
You feel yourself speed up. The gnoll hits you with a +0 whip.
* * * LOW HITPOINT WARNING * * *
The gnoll hits you from afar with a +0 halberd!
You die...

.# ### #...# ## ### #.#
#...# .. #. ...#.. +...#
... ##. #.###.#.# #...# ..
#.. #.......####...# #'#
#.. #.gh.....#####.###..
#g##.....#...#......
#.g.#......#.#.#...#.#
..>...#..#.#.#.#.#....##
.^..g...#....#.#.#.#....#
........##.###.#.#.#..#.##
........##.# #...#.#....##
........#### #####......#>
........# #########


You could see 4 gnolls.

Vanquished Creatures
  Robin (D:2)
  2 adders (D:2)
  3 worms (D:2)
  6 endoplasms
  5 giant cockroaches
  13 goblins
  9 hobgoblins
  A kobold (D:1)
  A quokka (D:1)
  3 ball pythons
  A bat (D:1)
  4 frilled lizards (D:1)
  5 rats (D:1)
54 creatures vanquished.

Notes
Turn   | Place    | Note
-------+----------+-------------------------------------------
     0 | D:1      | sammy202020 the Vine Stalker Shapeshifter began the quest
                  | for the Orb.
     0 | D:1      | Reached XP level 1. HP: 9/9 MP: 2/2
    30 | D:1      | Reached skill level 1 in Fighting
    70 | D:1      | Reached XP level 2. HP: 14/14 MP: 1/3
   269 | D:1      | Found a faded altar of an unknown god.
   486 | D:1      | Reached XP level 3. HP: 18/18 MP: 4/4
   547 | D:2      | Noticed Robin
   575 | D:2      | Killed Robin
   576 | D:2      | Reached XP level 4. HP: 11/23 MP: 2/6
   580 | D:2      | Reached skill level 1 in Spellcasting
   585 | D:2      | Reached skill level 1 in Armour
   892 | D:2      | Found Usilal's Magic Scroll Emporium.
   902 | D:2      | Identified the +9 spear of Pemech {heavy, Fly rElec rC-}
  1388 | D:3      | Slain by a gnoll

Illustrated notes

Levels and vault maps discovered:
D:1:      dpeg_arrival_rooms_a, layout_rooms, ebering_ecumenical_altar_webs
D:2:      layout_rooms, serial_shops, shop, uniq_robin
D:3:      layout_basic, nicolae_overflow_hidden_temple, uniq_sigmund

Skill      XL: |  1  2  3  4 |
---------------+-------------+-----
Fighting       | 1 |  1.9
Dodging        | 2 |  2.1
Spellcasting   | 1 |  1.3
Armour         | 1 |  1.1
Unarmed Combat | |  3.4
Shapeshifting  | |  3.2

Action                     |  1- 3 |  4- 6 || total
---------------------------+-------+-------++-------
  Melee: Unarmed           |    70 |    54 ||   124
         Bite              |    12 |    17 ||    29
         Punch             |     1 |     1 ||     2
    Use: Potion            |     1 |     1 ||     2
         Scroll            |       |     3 ||     3
   Stab: Sleeping          |     1 |       ||     1
 Armour: Animal skin       |    21 |       ||    21
         Leather armour    |    26 |    23 ||    49
         Skin              |     6 |     9 ||    15
  Dodge: Dodged            |    76 |    20 ||    96
   Form: Beast             |     1 |       ||     1

Table legend: (Time is in decaauts)
 A = Elapsed time spent in this place.
 B = Non-inter-level travel time spent in this place.
 C = Inter-level travel time spent in this place.
 D = Time resting spent in this place.
 E = Time spent auto-exploring this place.
 F = Levels seen in this place.
 G = Mean time per level.
                   A        B        C        D        E       F      G
               +--------+--------+--------+--------+--------+-----+--------+
         Total |   1379 |   1379 |      0 |    195 |    801 |   3 |  459.7 |
       Dungeon |   1379 |   1379 |      0 |    195 |    801 |   3 |  459.7 |
               +--------+--------+--------+--------+--------+-----+--------+

Top non-repeatable levels by time:
     D:2: 732 daAuts
     D:1: 542 daAuts
     D:3: 104 daAuts
